 Dungeon Crawl Stone Soup version 0.20-a0-731-gecde0bf (webtiles) character file.

6376 graki42 the Thaumaturge (level 10, -4/53 HPs)
             Began as a Deep Elf Conjurer on Feb 22, 2017.
             Was a Believer of Vehumet.
             Slain by a yak (5 damage)
             ... on level 9 of the Dungeon.
             The game lasted 00:36:05 (9179 turns).

graki42 the Thaumaturge (Deep Elf Conjurer)         Turns: 9179, Time: 00:36:06

Health: -4/53      AC:  9    Str:  8    XL:     10   Next: 65%
Magic:  16/29      EV:  2    Int: 21    God:    Vehumet [**....]
Gold:   521        SH:  0    Dex: 15    Spells: 18/36 levels left

rFire    . . .     SeeInvis .   w - +1 short sword (venom)
rCold    . . .     Gourm    .   J - +2 robe {Archmagi}
rNeg     + + +     Faith    .   (no shield)
rPois    ∞         Spirit   .   n - +2 helmet
rElec    .         Reflect  .   A - +0 cloak
rCorr    .         Harm     .   C - +0 pair of gloves
MR       +....                  (no boots)
Stlth    +++.......             (no amulet)
Regen    0.2/turn               (no ring)
MPRegen  0.3/turn               (no ring)

@: petrified
A: no striking features
a: Renounce Religion


You were on level 9 of the Dungeon.
You worshipped Vehumet.
Vehumet was pleased with you.
You were not hungry.

You visited 2 branches of the dungeon, and saw 10 of its levels.

You collected 521 gold pieces.

Inventory:

Hand Weapons
 w - a +1 short sword of venom (weapon)
Armour
 n - a +2 helmet (worn)
 A - a +0 cloak (worn)
 C - a +0 pair of gloves (worn)
 J - a +2 robe of the Archmagi (worn)
Wands
 x - a wand of paralysis (16/24)
 z - a wand of acid (2/15)
 E - a wand of lightning (1/15)
Scrolls
 f - 7 scrolls of teleportation
 g - a scroll of recharging {unknown}
 h - 3 scrolls of enchant armour
 l - a scroll of enchant weapon {unknown}
 o - a scroll of magic mapping {unknown}
 p - 2 scrolls of immolation
 q - 2 scrolls of remove curse
 v - 5 scrolls of noise {unknown}
 y - 2 scrolls of blinking {unknown}
 B - a scroll of fear {unknown}
 G - a scroll of identify
 I - a scroll of fog {unknown}
Potions
 e - 2 potions of resistance
 i - 5 potions of might {unknown}
 j - 4 potions of curing
 m - 5 potions of lignification
 r - 3 potions of haste {unknown}
 s - a potion of brilliance
 t - 2 potions of flight {unknown}
 u - 4 potions of mutation {unknown}
 D - a potion of magic
 H - a potion of heal wounds
Books
 b - a book of Conjurations

   Spells                             Type                      Level
   a - Magic Dart                     Conjuration                  1
   b - Searing Ray                    Conjuration                  2
   c - Dazzling Spray                 Conjuration/Hexes            3
   d - Fulminant Prism                Conjuration/Hexes            4
   e - Force Lance                    Conjuration/Translocation    4
   f - Iskenderun's Mystic Blast      Conjuration                  4
 F - a book of Maledictions

   Spells                             Type                      Level
   a - Corona                         Hexes                        1
   b - Ensorcelled Hibernation        Hexes/Ice                    2
   c - Confuse                        Hexes                        3
   d - Tukima's Dance                 Hexes                        3
   e - Dazzling Spray                 Conjuration/Hexes            3
Comestibles
 a - a fruit
 c - 4 bread rations
 d - 5 royal jellies
 k - 5 meat rations


   Skills:
 + Level 1.7 Fighting
 + Level 2.1 Short Blades
 + Level 0.4 Armour
 + Level 4.2 Dodging
 + Level 5.1 Stealth
 + Level 13.5 Spellcasting
 + Level 11.6 Conjurations
 + Level 5.0 Hexes
 + Level 0.9 Evocations


You had 18 spell levels left.
You knew the following spells:

 Your Spells              Type           Power        Failure   Level  Hunger
a - Magic Dart            Conj           ####         1%          1    None
b - Searing Ray           Conj           ######       1%          2    None
c - Dazzling Spray        Conj/Hex       ######       1%          3    None
d - Iskenderun's Mystic   Conj           #######.     1%          4    None
e - Force Lance           Conj/Tloc      ######..     4%          4    None
f - Fulminant Prism       Conj/Hex       ######....   1%          4    None


Dungeon Overview and Level Annotations

Branches:
Dungeon (9/15)             Temple (1/1) D:4
   Lair: D:8-11         Orc: D:9-12

Altars:
Ashenzari
Cheibriados
Dithmenos
Elyvilon
Fedhas
Gozag
Kikubaaqudgha
Makhleb
Nemelex Xobeh
Okawaru
Qazlal
Ru
Sif Muna
Trog
Uskayaw
Vehumet
Wu Jian
Xom
Zin
The Shining One

Shops:
D:8 =


Message History

A porcupine, a yak, a killer bee and an ice beast come into view.
A yak comes into view.
The porcupine bites you. x2
The porcupine bites you but does no damage.
The yak gores you! x2
The ice beast hits you. The ice beast freezes you! The porcupine bites you!
The yak gores you but does no damage. The yak gores you.
The porcupine bites you!
* * * LOW HITPOINT WARNING * * *
The ice beast hits you but does no damage.
The yak gores you!
* * * LOW HITPOINT WARNING * * *
The yak gores you.
* * * LOW HITPOINT WARNING * * *
The porcupine bites you. The ice beast hits you.
* * * LOW HITPOINT WARNING * * *
The ice beast freezes you!
* * * LOW HITPOINT WARNING * * *
The yak gores you!
You die...

y.......P...#
....P....P..
....♣......
#.....PPP.###
#......P....
. #.....(...#
. #....YYY..#
. ......r@..#
. ...
.#....Y...#
.....
#........#
.....
#.......##
.....
###...$.#
....# ####..#
..# ## ####
.#####.#
###...#


You could see 3 yaks, an ice beast, a porcupine and a killer bee (wandering).

Vanquished Creatures
  2 two-headed ogres
  Pikel (D:6)
  A cyclops (D:8)
  Prince Ribbit (D:7)
  A hippogriff (D:7)
  Sigmund (D:6)
  A hungry ghost (D:8)
  Edmund (D:6)
  A water moccasin (D:6)
  A sky beast (D:8)
  2 orc warriors (D:6)
  3 slaves (D:6)
  Duvessa (D:7)
  2 ice beasts (D:8)
  8 ogres
  4 phantoms
  A crocodile (D:9)
  A big kobold (D:8)
  2 bullfrogs
  Dowan (D:7)
  3 scorpions
  8 killer bees
  2 howler monkeys (D:9)
  A crimson imp (D:5)
  2 bullfrog zombies (D:6)
  A quasit (D:5)
  3 hounds
  Crazy Yiuf (D:6)
  2 bullfrog skeletons
  2 orc priests
  7 orc wizards
  An iguana (D:7)
  7 worker ants
  2 hound skeletons
  A howler monkey zombie (D:6)
  A gnoll (D:4)
  9 adders
  An ooze (D:4)
  5 worms
  3 dart slugs
  5 leopard geckos
  25 orcs
  5 bats
  4 giant cockroaches
  4 goblins
  2 hobgoblins
  5 jackals
  10 kobolds
  3 quokkas
  A ball python (D:2)
  4 frilled lizards
  A jackal zombie (D:8)
  A quokka skeleton (D:5)
  3 rats
171 creatures vanquished.

Vanquished Creatures (others)
  A bush (D:9)
  2 fulminant prisms (D:9)
  2 fungi (D:9)
  10 plants (D:9)
15 creatures vanquished.

Grand Total: 186 creatures vanquished

Notes
Turn   | Place    | Note
-------+----------+-------------------------------------------
     0 | D:1      | graki42 the Deep Elf Conjurer began the quest for the Orb.
     0 | D:1      | Reached XP level 1. HP: 10/10 MP: 6/6
   459 | D:1      | Reached XP level 2. HP: 15/15 MP: 1/8
   549 | D:1      | Reached skill level 5 in Conjurations
   778 | D:1      | Learned a level 2 spell: Searing Ray
   951 | D:2      | Reached XP level 3. HP: 19/19 MP: 4/9
  1490 | D:3      | Reached XP level 4. HP: 24/24 MP: 7/11
  1518 | D:3      | Learned a level 3 spell: Dazzling Spray
  1523 | D:3      | Learned a level 4 spell: Iskenderun's Mystic Blast
  2016 | D:3      | Reached skill level 4 in Spellcasting
  2335 | D:4      | Reached XP level 5. HP: 7/28 MP: 6/13
  2573 | D:4      | Noticed an ogre
  2578 | D:4      | Killed an ogre
  2578 | D:4      | Reached skill level 5 in Spellcasting
  2816 | D:4      | Reached XP level 6. HP: 32/32 MP: 11/16
  3007 | D:4      | Found a staircase to the Ecumenical Temple.
  3056 | Temple   | Entered the Ecumenical Temple
  3069 | Temple   | Became a worshipper of Vehumet
  3089 | D:4      | Learned a level 4 spell: Force Lance
  3390 | D:4      | Found an ornate altar of the Wu Jian Council.
  3445 | D:4      | Reached skill level 6 in Spellcasting
  3445 | D:4      | Reached skill level 1 in Hexes
  3608 | D:4      | Found a burning altar of Makhleb.
  3746 | D:5      | Entered Level 5 of the Dungeon
  3746 | D:5      | Found a bloodstained altar of Trog.
  4172 | D:5      | Reached skill level 1 in Short Blades
  4441 | D:5      | Reached XP level 7. HP: 36/36 MP: 11/19
  4618 | D:5      | Learned a level 4 spell: Fulminant Prism
  4628 | D:5      | Found a snail-covered altar of Cheibriados.
  4694 | D:5      | Reached skill level 7 in Spellcasting
  5304 | D:6      | Noticed Edmund
  5365 | D:6      | Noticed Sigmund
  5407 | D:6      | Killed Sigmund
  5407 | D:6      | Reached skill level 1 in Fighting
  5407 | D:6      | Reached skill level 8 in Spellcasting
  5407 | D:6      | Reached XP level 8. HP: 43/43 MP: 7/22
  5504 | D:6      | Killed Edmund
  5675 | D:6      | Found a runed door.
  5856 | D:6      | Reached * piety under Vehumet
  5856 | D:6      | Offered knowledge of Sting by Vehumet.
  5858 | D:6      | Reached skill level 9 in Spellcasting
  6203 | D:6      | Noticed Pikel
  6226 | D:6      | Killed Pikel
  6226 | D:6      | Reached skill level 10 in Spellcasting
  6226 | D:6      | Reached XP level 9. HP: 45/47 MP: 6/25
  6816 | D:6      | Noticed Crazy Yiuf
  6820 | D:6      | Killed Crazy Yiuf
  6991 | D:7      | Noticed Duvessa
  6995 | D:7      | Noticed Dowan
  6997 | D:7      | Killed Duvessa
  6997 | D:7      | Reached skill level 11 in Spellcasting
  7001 | D:7      | Killed Dowan
  7056 | D:7      | Reached skill level 10 in Conjurations
  7231 | D:7      | Noticed Prince Ribbit
  7238 | D:7      | Killed Prince Ribbit
  7281 | D:7      | Found a hide-covered altar of Uskayaw.
  7716 | D:8      | Found a snail-covered altar of Cheibriados.
  7771 | D:8      | Found a deep blue altar of Sif Muna.
  7771 | D:8      | Found a blossoming altar of Fedhas.
  7771 | D:8      | Found an ancient bone altar of Kikubaaqudgha.
  7773 | D:8      | Found a sacrificial altar of Ru.
  7783 | D:8      | Found a white marble altar of Elyvilon.
  7920 | D:8      | Reached skill level 12 in Spellcasting
  8159 | D:8      | Reached ** piety under Vehumet
  8164 | D:8      | Offered knowledge of Throw Frost by Vehumet.
  8301 | D:8      | Reached XP level 10. HP: 52/52 MP: 19/28
  8435 | D:8      | Found Iddetuof's Jewellery Boutique.
  8524 | D:8      | Noticed a cyclops
  8536 | D:8      | Killed a cyclops
  8801 | D:8      | Noticed a two-headed ogre
  8806 | D:8      | Killed a two-headed ogre
  8806 | D:8      | Reached skill level 13 in Spellcasting
  8934 | D:9      | Noticed a two-headed ogre
  8934 | D:9      | Offered knowledge of Conjure Flame by Vehumet.
  8946 | D:9      | Killed a two-headed ogre
  8946 | D:9      | Reached skill level 5 in Stealth
  8946 | D:9      | Reached skill level 5 in Hexes
  9179 | D:9      | HP: 1/53 [ice beast (3)]
  9179 | D:9      | Slain by a yak

Vault maps used:
D:1:      wheals_arrival_linesprint
D:2:      serial_bayou_crossing
D:3:      first_bread
D:4:      kennysheep_little_box, temple_hall, minmay_misc_feat_columns,
          kennysheep_small_spiral, makhleb_blood_cavern_becter
D:5:      nicolae_overflow_crystal_walls, hangedman_decor_riveting,
          grunt_decor_mini_mirrors, kennysheep_slug_shrine
D:6:      uniq_pikel, uniq_crazy_yiuf_cottage, uniq_sigmund, uniq_edmund
D:7:      eat_drink_and_be_merry_uskayaw, uniq_prince_ribbit1, uniq_duvessa
D:8:      minitemple, serial_shops, nicolae_shop_stone
D:9:      minmay_lair_entry_grove
Temple:   cyrus_circular_temple

Skill      XL: |  1  2  3  4  5  6  7  8  9 10 |
---------------+-------------------------------+-----
Conjurations   | 5 6 8 9 10 11 | 11.6
Spellcasting   | 4 5 6 8 10 12 13 | 13.5
Hexes          | 1 2 4 5 |  5.0
Stealth        | 3 4 5 |  5.1
Short Blades   | 1 2 |  2.1
Dodging        | 3 4 |  4.2
Fighting       | 1 |  1.7
Armour         | |  0.4
Evocations     | |  0.9

Action                   |  1- 3 |  4- 6 |  7- 9 | 10-12 || total
-------------------------+-------+-------+-------+-------++-------
Melee: Dagger            |     1 |       |       |       ||     1
       Short sword       |       |    17 |     9 |     1 ||    27
 Cast: Magic Dart        |    50 |    76 |   141 |    45 ||   312
       Searing Ray       |     4 |     2 |    27 |     6 ||    39
       Dazzling Spray    |       |    21 |    24 |     7 ||    52
       Iskenderun's Myst |       |       |    31 |    10 ||    41
       Fulminant Prism   |       |       |       |     2 ||     2
Evoke: Wand              |       |       |     2 |     1 ||     3
  Use: Scroll            |       |     8 |       |     4 ||    12
 Stab: Invisible         |       |     2 |       |     1 ||     3
  Eat: Chunk             |     1 |    10 |    14 |     2 ||    27
Armor: Robe              |     2 |     9 |    25 |     6 ||    42
Dodge: Dodged            |     6 |    19 |    46 |     7 ||    78
